 Dungeon Crawl Stone Soup version 0.29-a0-504-gec6baf379c (webtiles) character file.

Game seed: 5966708043379932719

709 Colgate the Covert (level 8, -3/48 HPs)
             Began as a Kobold Brigand on May 28, 2022.
             Was a Believer of Okawaru.
             Killed by divine providence
             ... invoked by an orc priest
              (11 damage)
             ... on level 5 of the Dungeon.
             The game lasted 00:14:29 (7874 turns).

Colgate the Covert (Kobold Brigand)                 Turns: 7874, Time: 00:14:30

Health: -3/48      AC:  6    Str:  8    XL:     8   Next: 0%
Magic:  9/11       EV: 19    Int: 12    God:    Okawaru [**....]
Gold:   162        SH:  0    Dex: 19    Spells: 7/7 levels left

rFire   . . .      SeeInvis .   a - +2 dagger
rCold   + . .      Faith    .   (no shield)
rNeg    + . .      Spirit   .   p - +3 leather armour {rC+}
rPois   .          Reflect  .   (no helmet)
rElec   .          Harm     .   c - +0 cloak
rCorr   .          Rampage  .   t - +0 pair of gloves
Will    .....                   g - +0 pair of boots
Stlth   ++++++....              (no amulet)
HPRegen 0.16/turn               n - ring of positive energy
MPRegen 0.12/turn               (no ring)

@: heroic, corroded
A: small, no large weapons, nightstalker 3
a: Renounce Religion, Heroism


You were on level 5 of the Dungeon.
You worshipped Okawaru.
Okawaru was pleased with you.
You visited 2 branches of the dungeon, and saw 6 of its levels.
You also visited: Sewer.

You collected 297 gold pieces.
You spent 135 gold pieces at shops.

Inventory:

Hand Weapons
 a - a +2 dagger (weapon)
 b - a +2 short sword of venom
 o - a +0 rapier
Missiles
 d - 16 poisoned darts (quivered)
 e - 2 curare-tipped darts
 s - 3 boomerangs
Armour
 c - a +0 cloak (worn)
 g - a +0 pair of boots (worn)
 l - a +0 robe
 p - a +3 leather armour of cold resistance (worn)
 t - a +0 pair of gloves (worn)
Jewellery
 n - a ring of positive energy (left hand)
Wands
 q - a wand of digging (8) {@v3}
Scrolls
 h - a scroll of fear {unknown}
 u - 4 scrolls of teleportation {@r3}
 v - a scroll of enchant weapon
Potions
 f - 4 potions of mutation
 i - 2 potions of haste {@q4}
 j - 4 potions of flight
 k - a potion of curing {@q1}
 m - a potion of cancellation
 r - a potion of ambrosia {unknown}


   Skills:
 + Level 4.0(9.0) Fighting
 - Level 5.0(10.0) Short Blades
 - Level 2.1(7.1) Throwing
 - Level 3.0(8.0) Dodging
 - Level 8.0(13.0) Stealth
 - Level 5.0 Invocations


You had 7 spell levels left.
You didn't know any spells.
Your spell library contained the following spells:

 Spells                   Type           Power      Damage    Failure   Level
 Apportation              Tloc           0%         N/A       41%         1
 Necrotize                Necr           0%         1d4       41%         1
 Gell's Gravitas          Tloc           0%         N/A       80%         3
 Lesser Beckoning         Tloc           0%         N/A       80%         3
 Teleport Other           Tloc           0%         N/A       80%         3
 Summon Small Mammal      Summ           Unusable   N/A       N/A         1

Dungeon Overview and Level Annotations

Branches:
Dungeon (5/15)             Temple (1/1) D:4           Sewer (visited)

Altars:
Ashenzari
Cheibriados
Dithmenos
Elyvilon
Fedhas
Gozag
Hepliaklqana
Kikubaaqudgha
Makhleb
Nemelex Xobeh
Okawaru
Qazlal
Ru
Sif Muna
Trog
Uskayaw
Vehumet
Wu Jian
Xom
Zin
The Shining One

Shops:
D:2 *


Innate Abilities, Weirdness & Mutations

You are small and have problems with some larger weapons.
You are completely attuned to the shadows.


Message History

You hit the orc priest.
The orc priest looks braver for a moment.
The orc priest misses you.
You hit the orc priest. You puncture the orc priest!
You kill the orc priest!
Okawaru accepts your kill. The orc priest misses you.
You feel your dexterity returning.
You barely miss the jelly. You hit the jelly. The acid corrodes you!
Your hands burn!
The orc priest hits you with a +0 dagger.
The jelly closely misses you.
You hit the jelly but do no damage.
Your hands burn!
You hit the jelly.
Your hands burn!
The jelly barely misses you.
The orc priest hits you with a +0 dagger.
You hit the jelly.
Your hands burn!
You completely miss the jelly. The jelly barely misses you.
The orc priest looks satisfied for a moment.
The orc priest mumbles some strange prayers to Beogh against you.
Beogh smites you!
You hit the jelly.
Your hands burn!
You hit the jelly.
Your hands burn!
The jelly barely misses you.
You hit the jelly.
Your hands burn!
You hit the jelly.
Your hands burn!
* * * LOW HITPOINT WARNING * * *
You punch the jelly, but do no damage. The jelly completely misses you.
You hit the jelly but do no damage.
Your hands burn!
* * * LOW HITPOINT WARNING * * *
You punch the jelly.
You kill the jelly!
Okawaru accepts your kill.
Your Invocations skill increases to level 5!
You have reached level 8!
You hit the orc but do no damage.
The orc priest invokes the aid of Beogh against you.
Beogh smites you!
You die...

#.. #..# ##..#
## #8..#######
...##.........
...o)@...#####
...oo###.#####
....o#........
.....#........
..............
.#........
#.#.#####
#.#.#.#
#.#.#.#


You could see 2 orc priests and 2 orcs.

Vanquished Creatures
  2 scorpions
  A howler monkey (D:4)
  A jelly (D:5)
  2 orc priests
  2 iguanas (D:4)
  3 orc wizards
  Natasha (thrice) (D:3)
  A merfolk siren (Sewer)
  A merfolk avatar (Sewer)
  6 adders
  3 gnolls (D:3)
  2 river rats (Sewer)
  4 worms
  A dart slug (D:1)
  6 orcs
  A bat (D:1)
  4 endoplasms
  5 giant cockroaches
  8 goblins
  8 hobgoblins
  7 jackals (D:1)
  7 quokkas
  6 ball pythons
  8 frilled lizards
  5 kobolds
  21 rats
  A butterfly (D:4)
119 creatures vanquished.

Vanquished Creatures (others)
  8 fungi (D:2)
  5 plants (D:2)
13 creatures vanquished.

Grand Total: 132 creatures vanquished

Notes
Turn   | Place    | Note
-------+----------+-------------------------------------------
     0 | D:1      | Colgate the Kobold Brigand began the quest for the Orb.
     0 | D:1      | Reached XP level 1. HP: 12/12 MP: 1/1
   230 | D:1      | Reached XP level 2. HP: 17/17 MP: 2/2
  1193 | D:1      | Reached XP level 3. HP: 22/22 MP: 3/3
  1700 | D:2      | Found a faded altar of an unknown god.
  1707 | D:2      | Prayed at the altar of an unknown god.
  1707 | D:2      | Became a worshipper of Warmaster Okawaru
  1707 | D:2      | Reached * piety under Okawaru
  1723 | D:2      | Reached XP level 4. HP: 28/28 MP: 4/4
  2077 | D:2      | Found Lood's Assorted Antiques.
  2157 | D:2      | Bought a runed leather armour for 135 gold pieces
  2730 | D:3      | Reached skill level 1 in Invocations
  3084 | D:3      | Reached XP level 5. HP: 31/32 MP: 4/6
  3139 | D:3      | Noticed Natasha
  3141 | D:3      | Killed Natasha
  3158 | D:3      | Reached skill level 5 in Short Blades
  3375 | D:3      | Reached XP level 6. HP: 37/37 MP: 7/7
  3631 | D:3      | Noticed Natasha
  3652 | D:3      | Killed Natasha
  3653 | D:3      | Reached skill level 6 in Stealth
  4278 | D:3      | Noticed Natasha
  4280 | D:3      | Killed Natasha
  4963 | D:4      | Reached ** piety under Okawaru
  4964 | D:4      | Reached skill level 7 in Stealth
  4964 | D:4      | Reached XP level 7. HP: 9/43 MP: 8/8
  5283 | D:4      | Found a glowing drain.
  5392 | Sewer    | Entered a sewer
  5603 | Sewer    | Reached skill level 8 in Stealth
  7391 | D:4      | Found a staircase to the Ecumenical Temple.
  7406 | Temple   | Entered the Ecumenical Temple
  7785 | D:5      | Entered Level 5 of the Dungeon
  7874 | D:5      | Reached skill level 5 in Invocations
  7874 | D:5      | Reached XP level 8. HP: 8/48 MP: 9/11
  7874 | D:5      | Killed from afar by an orc priest

Illustrated notes

Levels and vault maps discovered:
D:1:      roderic_octagonal_star, layout_basic
D:2:      layout_basic, dreamdust_ecumenical_altar_grove, serial_shops,
          nicolae_shop_waterfront
D:3:      layout_loops_ring, uniq_natasha
D:4:      layout_loops_corners, minmay_temple_entry_butterflies,
          cheibrodos_sewer_entry_bend
D:5:      layout_basic, serial_corexii_hall, chequers_hall_statues_corner_a,
          corexii_hall_statues_x, corexii_hall_statues_deadend,
          chequers_hall_statues_wall_a, hangedman_decor_riveting
Temple:   compressed_dpeg_triangle_lava_temple

Skill      XL: |  1  2  3  4  5  6  7 |
---------------+----------------------+-----
Short Blades   | 3 4 5 |  5.0
Fighting       | 3 4 |  4.0
Dodging        | 3 |  3.0
Invocations    | 1 2 5 |  5.0
Stealth        | 7 8 |  8.0
Throwing       | |  2.1

Action                   |  1- 3 |  4- 6 |  7- 9 || total
-------------------------+-------+-------+-------++-------
Melee: Dagger            |    32 |   101 |    91 ||   224
       Short sword       |       |    17 |   118 ||   135
       Punch             |       |       |     5 ||     5
Throw: Dart              |       |     4 |       ||     4
Invok: Heroism           |       |     1 |     1 ||     2
  Use: Scroll            |       |     9 |     1 ||    10
       Potion            |       |       |     4 ||     4
 Stab: Sleeping          |    21 |    20 |    22 ||    63
       Distracted        |       |     1 |     1 ||     2
Armor: Robe              |     1 |     1 |       ||     2
       Leather armour    |       |    16 |    50 ||    66
Dodge: Dodged            |     6 |    44 |    86 ||   136

Table legend: (Time is in decaauts)
 A = Elapsed time spent in this place.
 B = Non-inter-level travel time spent in this place.
 C = Inter-level travel time spent in this place.
 D = Time resting spent in this place.
 E = Time spent auto-exploring this place.
 F = Levels seen in this place.
 G = Mean time per level.
                   A        B        C        D        E       F      G
               +--------+--------+--------+--------+--------+-----+--------+
         Total |   7872 |   7386 |    486 |    173 |   6402 |   7 | 1124.6 |
       Dungeon |   6949 |   6477 |    472 |    173 |   5720 |   5 | 1389.8 |
        Temple |    311 |    297 |     14 |      0 |    280 |   1 |  311.0 |
         Sewer |    611 |    611 |      0 |      0 |    402 |   1 |  611.0 |
               +--------+--------+--------+--------+--------+-----+--------+

Top non-repeatable levels by time:
     D:3: 2176 daAuts
     D:4: 1980 daAuts
     D:1: 1522 daAuts
     D:2: 1191 daAuts
   Sewer: 611 daAuts
  Temple: 311 daAuts
     D:5: 78 daAuts
